 Dungeon Crawl Stone Soup version 0.22-a0-282-gdd34a7d (webtiles) character file.

2450 Deeps the Cleaver (level 9, 0/86 HPs)
             Began as a Minotaur Gladiator on Mar 17, 2018.
             Was an Initiate of Okawaru.
             Slain by an orc warrior
             ... wielding a +0 scimitar
              (16 damage)
             ... on level 6 of the Dungeon.
             The game lasted 00:08:39 (5219 turns).

Deeps the Cleaver (Minotaur Gladiator)              Turns: 5219, Time: 00:08:39

Health: 0/86       AC: 11    Str: 25    XL:     9   Next: 25%
Magic:  8/8        EV:  7    Int:  2    God:    Okawaru [......]
Gold:   318        SH:  0    Dex: 11    Spells: 8/8 levels left

rFire    + . .     SeeInvis .   a - +0 war axe
rCold    + . .     Gourm    .   (no shield)
rNeg     . . .     Faith    .   w - +0 plate armour
rPois    .         Spirit   .   c - +0 hat
rElec    .         Reflect  .   (no cloak)
rCorr    .         Harm     +   (no gloves)
MR       .....                  g - +0 pair of boots
Stlth    ..........             u - amulet of harm
HPRegen  0.24/turn              e - +2 ring of intelligence
MPRegen  0.11/turn              x - ring of New Discoveries {rF+ rC+ Str+2 Int-5 Stlth+}

@: no status effects
A: retaliatory headbutt, horns 2
a: Renounce Religion


You were on level 6 of the Dungeon.
You worshipped Okawaru.
Okawaru was noncommittal.
You were not hungry.

You visited 1 branch of the dungeon, and saw 6 of its levels.

You collected 318 gold pieces.

Inventory:

Hand Weapons
 a - a +0 war axe (weapon)
 y - a +1 hand axe of freezing
Missiles
 d - 4 throwing nets (quivered)
Armour
 c - a +0 hat (worn)
 g - a +0 pair of boots (worn)
 w - a +0 plate armour (worn)
Jewellery
 e - a +2 ring of intelligence (left hand)
 j - an uncursed ring of positive energy
 p - a +3 ring of strength
 u - an amulet of harm (around neck)
 x - the ring of New Discoveries (right hand) {rF+ rC+ Str+2 Int-5 Stlth+}
   (You took it off an orc on level 6 of the Dungeon)

   [ring of strength]

   It affects your strength (+2).
   It affects your intelligence (-5).
   It protects you from fire.
   It protects you from cold.
   It makes you more stealthy.
Wands
 q - a wand of digging (17)
 t - a wand of polymorph (14)
Scrolls
 i - a scroll of fear {unknown}
 k - 3 scrolls of identify
 l - 6 scrolls of teleportation
 o - 2 scrolls of amnesia
 v - a scroll of fog
Potions
 b - a potion of agility
 h - a potion of degeneration {unknown}
 m - a potion of lignification {unknown}
 n - 2 potions of might {unknown}
 r - 2 potions of curing
 s - a potion of haste {unknown}
Comestibles
 f - 9 rations


   Skills:
 + Level 10.7 Fighting
 + Level 11.0 Axes
 - Level 2.0 Throwing
 - Level 3.2 Dodging


You had 8 spell levels left.
You didn't know any spells.

Dungeon Overview and Level Annotations

Branches:
Dungeon (6/15)             Temple (0/1) D:6

Altars:
Gozag
Kikubaaqudgha
Nemelex Xobeh
Okawaru
Ru
Uskayaw
Xom
The Shining One

Shops:
D:5 [

Annotations:
D:6 Pikel


Innate Abilities, Weirdness & Mutations

You reflexively headbutt those who attack you in melee.
You have a pair of horns on your head.


Message History

You are electrocuted!
* * * LOW HITPOINT WARNING * * *
The slave barely misses you. You furiously retaliate!
You headbutt the slave.
Things that are here:
a hand axe; an orc corpse An orc warrior comes into view.
It is wielding a scimitar.
Pikel hits you but does no damage.
An orc wizard comes into view. It is wielding a dagger.
The orc wizard shouts!
The orc wizard casts a spell at you. The magic dart hits you!
* * * LOW HITPOINT WARNING * * *
An orc priest comes into view.
An orc wizard comes into view. It is wielding a dagger of flaming.
The orc wizard shouts!
The orc priest shouts!
The orc wizard gestures wildly while chanting.
The orc wizard blinks!
You feel better.
The orc warrior hits you with a scimitar!
You die...

###+######.####..♣.♣......
#........[.[...#
#.#.###...#).###
#.#.###.###..#####. #
#.......# #p....... ##
####.##### #p####### .##
##.##.# #.# ##
..####...#.#######p#...##
..'.............@oKo..§...
..####...#.#######.#...###
.## ##.##.# #.##.## ##
####.# ..o ## # ##.#.#
#.#. #.#..# #.#.# ##.###
#.# # #.# .. #.#


You could see Pikel, an orc warrior, a slave and an orc priest.

Vanquished Creatures
  Grinder (D:4)
  Sigmund (D:6)
  The ghost of pigah the Fighter, an amateur DrWn (D:3)
  An orc warrior (D:6)
  3 ice beasts
  2 slaves (D:6)
  A phantom (D:6)
  3 ogres
  Blork the orc (D:4)
  A bullfrog (D:6)
  2 wyvern zombies
  2 crimson imps (D:5)
  3 hounds
  A bullfrog zombie (D:6)
  6 orc priests
  4 orc wizards
  A centaur skeleton (D:5)
  2 bullfrog skeletons
  Terence (D:2)
  4 worker ants
  11 gnolls
  5 adders
  A shadow imp (D:5)
  An adder skeleton (D:4)
  5 worms
  A dart slug (D:3)
  9 leopard geckos
  23 orcs
  6 giant cockroaches
  9 goblins
  7 hobgoblins
  6 jackals
  2 quokkas
  5 bats
  4 frilled lizards
  5 kobolds
  A leopard gecko zombie (D:5)
  4 rats
146 creatures vanquished.

Vanquished Creatures (others)
  A fungus (D:2)
1 creature vanquished.

Grand Total: 147 creatures vanquished

Notes
Turn   | Place    | Note
-------+----------+-------------------------------------------
     0 | D:1      | Deeps the Minotaur Gladiator began the quest for the Orb.
     0 | D:1      | Reached XP level 1. HP: 18/18 MP: 0/0
    39 | D:1      | Reached skill level 4 in Axes
    39 | D:1      | Reached XP level 2. HP: 14/25 MP: 1/1
   635 | D:2      | Reached XP level 3. HP: 26/31 MP: 2/2
   740 | D:2      | Noticed Terence
   916 | D:2      | Killed Terence
   916 | D:2      | Reached XP level 4. HP: 39/40 MP: 3/3
   962 | D:2      | Reached skill level 5 in Axes
  1306 | D:2      | Found a sacrificial altar of Ru.
  1366 | D:2      | Found a glowing golden altar of the Shining One.
  1571 | D:3      | Reached XP level 5. HP: 26/47 MP: 4/4
  1604 | D:3      | Reached skill level 5 in Fighting
  1607 | D:3      | Noticed pigah's ghost (amateur DrWn)
  2102 | D:3      | Reached skill level 6 in Axes
  2329 | D:3      | Reached XP level 6. HP: 54/57 MP: 5/5
  2335 | D:3      | Killed pigah's ghost
  2335 | D:3      | Reached skill level 7 in Axes
  2817 | D:4      | Reached XP level 7. HP: 34/64 MP: 6/6
  2854 | D:4      | Found a sparkling altar of Nemelex Xobeh.
  2927 | D:4      | Found an opulent altar of Gozag.
  3359 | D:4      | Noticed Grinder
  3372 | D:4      | Paralysed by Grinder for 3 turns
  3381 | D:4      | Paralysed by Grinder for 2 turns
  3394 | D:4      | Killed Grinder
  3394 | D:4      | Reached skill level 8 in Axes
  3613 | D:4      | Noticed Blork the orc
  3622 | D:4      | Killed Blork the orc
  3622 | D:4      | Reached XP level 8. HP: 73/75 MP: 7/7
  3688 | D:5      | Entered Level 5 of the Dungeon
  3702 | D:5      | Reached skill level 9 in Axes
  3788 | D:5      | Found Plog's Antique Armour Boutique.
  4507 | D:6      | Reached skill level 10 in Axes
  4511 | D:6      | Found a sacrificial altar of Ru.
  4513 | D:6      | Found an iron altar of Okawaru.
  4513 | D:6      | Found an ancient bone altar of Kikubaaqudgha.
  4514 | D:6      | Noticed Sigmund
  4514 | D:6      | Found a hide-covered altar of Uskayaw.
  4514 | D:6      | Found a shimmering altar of Xom.
  4529 | D:6      | Killed Sigmund
  4529 | D:6      | Reached skill level 10 in Fighting
  4535 | D:6      | Became a worshipper of Warmaster Okawaru
  4570 | D:6      | Reached XP level 9. HP: 53/85 MP: 8/8
  5099 | D:6      | Reached skill level 11 in Axes
  5142 | D:6      | Got a shimmering bronze ring
  5145 | D:6      | Lost intelligence.
  5145 | D:6      | Identified the ring of New Discoveries {rF+ rC+ Str+2 Int-5 Stlth+} (You took it off an orc on level 6 of the Dungeon)
  5198 | D:6      | Noticed Pikel
  5199 | D:6      | Found a staircase to the Ecumenical Temple.
  5219 | D:6      | Slain by an orc warrior

Vault maps used:
D:1:      dpeg_arrival_subterranean_lakeside_camping
D:2:      tso_altar, first_ration, minmay_gold_behind_fungi,
          nicolae_ru_the_path_less_chosen, uniq_terence
D:3:      cheibrodos_pilgrimage, minmay_misc_feat_square
D:4:      nicolae_overflow_crystal_walls, grunt_gozag_breadcrumbs,
          uniq_blork_the_orc, uniq_grinder
D:5:      serial_shops, nicolae_shop_overgrown_old_shop
D:6:      grunt_temple_overflow_open, minmay_temple_entry_trees,
          minmay_fountain_box, uniq_prince_ribbit1, uniq_sigmund, uniq_pikel

Skill      XL: |  1  2  3  4  5  6  7  8  9 |
---------------+----------------------------+-----
Axes           | 4 5 6 7 8 10 11 | 11.0
Fighting       | 3 4 5 6 8 10 | 10.7
Throwing       | |  2.0
Dodging        | |  3.2

Action                   |  1- 3 |  4- 6 |  7- 9 || total
-------------------------+-------+-------+-------++-------
Melee: War axe           |    59 |   103 |   223 ||   385
       Headbutt          |     8 |    16 |    42 ||    66
  Use: Potion            |       |     4 |     1 ||     5
       Scroll            |       |     8 |       ||     8
  Eat: Chunk             |       |     5 |     3 ||     8
       Ration            |       |       |     2 ||     2
Armor: Leather armour    |     6 |       |       ||     6
       Ring mail         |     8 |       |       ||     8
       Chain mail        |     3 |    63 |    83 ||   149
       Plate armour      |       |       |    16 ||    16
Dodge: Dodged            |    41 |    49 |    60 ||   150

Table legend:
 A = Spawn XP
 B = Non-spawn XP
 C = Spawn XP percentage of total XP
 D = Spawn monster count
 E = Non-spawn monster count
 F = Spawn count percentage of total count
 G = Total turns spent on level
                    A         B        C        D         E        F      G
               +---------+---------+-------+---------+---------+-------+---------
         Total |       0 |    3500 |   0.0 |       0 |     144 |   0.0 |  5219
               +---------+---------+-------+---------+---------+-------+---------
           D:1 |       0 |      31 |   0.0 |       0 |      20 |   0.0 |   678
           D:2 |       0 |     136 |   0.0 |       0 |      21 |   0.0 |  1359
           D:3 |       0 |     475 |   0.0 |       0 |      26 |   0.0 |   932
           D:4 |       0 |     859 |   0.0 |       0 |      29 |   0.0 |   719
           D:5 |       0 |     672 |   0.0 |       0 |      17 |   0.0 |   784
           D:6 |       0 |    1327 |   0.0 |       0 |      31 |   0.0 |   747
               +---------+---------+-------+---------+---------+-------+---------
